ESL (28 & UNDER)
PENQUANNOCK OVERRATED JETER @ RIO GRANDE RATTLESNAKE
07/28/2025
 
TOP OF THE 1ST
Penquannock Overrated Jeter batting - Pitching for Rio Grande Rattlesnake : RHP Alfonso Luna
Pitching: RHP Alfonso Luna
Batting: LHB Bill McJannett 0-0: Swinging Strike
0-1: Called Strike
0-2: Ball
1-2: Ball
2-2: Strikes out swinging
Batting: RHB Juan Costello 0-0: Foul Ball, location: 2F
0-1: Swinging Strike
0-2: Foul Ball, location: 2F
0-2: Strikes out swinging
Batting: RHB Ignacio Flores 0-0: Ball
1-0: Ball
2-0: Fly out, F3 (Popup, 34)
Top of the 1st over - 0 run(s), 0 hit(s), 0 error(s), 0 left on base; Penquannock 0 - Rio Grande 0
BOTTOM OF THE 1ST
Rio Grande Rattlesnake batting - Pitching for Penquannock Overrated Jeter : RHP Richard Edwards
Pitching: RHP Richard Edwards
Batting: RHB Javier Rentería 0-0: Ball
1-0: Ball
2-0: Swinging Strike
2-1: Foul Ball, location: 2F
2-2: Strikes out looking
Batting: RHB Maresuke Yoshida 0-0: Ball
1-0: Swinging Strike
1-1: Called Strike
1-2: Strikes out looking
Batting: SHB Carlos Reyes 0-0: Foul Ball, location: 2F
0-1: Swinging Strike
0-2: Ball
1-2: Strikes out swinging
Bottom of the 1st over - 0 run(s), 0 hit(s), 0 error(s), 0 left on base; Penquannock 0 - Rio Grande 0
TOP OF THE 2ND
Penquannock Overrated Jeter batting - Pitching for Rio Grande Rattlesnake : RHP Alfonso Luna
Batting: RHB Tim Hanson 0-0: Foul Ball, location: 2F
0-1: Ball
1-1: Swinging Strike
1-2: Fly out, F7 (Flyball, 78M)
Batting: SHB Francisco Ávila 0-0: Ball
1-0: Ball
2-0: Called Strike
2-1: Ball
3-1: Foul Ball, location: 2F
3-2: Strikes out looking
Batting: LHB Todd Barnes 0-0: Ball
1-0: Called Strike
Single, Error in OF, E8, batter to second base
Batting: RHB Bernardo Enríquez 0-0: Called Strike
0-1: Called Strike
0-2: Foul Ball, location: 2F
0-2: Strikes out swinging
Top of the 2nd over - 0 run(s), 1 hit(s), 1 error(s), 1 left on base; Penquannock 0 - Rio Grande 0
BOTTOM OF THE 2ND
Rio Grande Rattlesnake batting - Pitching for Penquannock Overrated Jeter : RHP Richard Edwards
Batting: RHB Liangde Que 0-0: Foul Ball, location: 2F
0-1: Ball
1-1: Fly out, F8 (Flyball, 78XD)
Batting: LHB Luis Villa 0-0: Called Strike
0-1: Ball
1-1: Ball
2-1: Ball
3-1: Base on Balls
Batting: SHB Giancarlo Giannini 0-0: Called Strike
0-1: Ball
1-1: Foul Ball, location: 2F
1-2: Foul Ball, location: 2F
1-2: Foul Ball, location: 2F
1-2: Strikes out looking
Batting: RHB Paul Martin 0-0: Called Strike
0-1: Foul Ball, location: 2F
0-2: Ball
1-2: SINGLE (Line Drive, 7S)
Luis Villa to second
Batting: RHB Luis Ibarra 0-0: Ground out 1-3 (Groundball, 13S)
Bottom of the 2nd over - 0 run(s), 1 hit(s), 0 error(s), 2 left on base; Penquannock 0 - Rio Grande 0
TOP OF THE 3RD
Penquannock Overrated Jeter batting - Pitching for Rio Grande Rattlesnake : RHP Alfonso Luna
Batting: RHB Arturo Rodríguez 0-0: Called Strike
0-1: Foul Ball, location: 2F
0-2: Foul Ball, location: 2F
0-2: Fly out, F8 (Line Drive, 8RD)
Batting: RHB Armando Pagán 0-0: Fly out, F9 (Flyball, 9LSF)
Batting: LHB Bill McJannett 0-0: Called Strike
0-1: Swinging Strike
0-2: Strikes out swinging
Top of the 3rd over - 0 run(s), 0 hit(s), 0 error(s), 0 left on base; Penquannock 0 - Rio Grande 0
BOTTOM OF THE 3RD
Rio Grande Rattlesnake batting - Pitching for Penquannock Overrated Jeter : RHP Richard Edwards
Batting: RHB Gary Thomas 0-0: Foul Ball, location: 2F
0-1: Foul Ball, location: 2F
0-2: Ball
1-2: Fly out, F4 (Popup, 4D)
Batting: RHB Javier Rentería 0-0: Ball
1-0: Ball
2-0: Called Strike
2-1: Ball
3-1: Foul Ball, location: 2F
3-2: Foul Ball, location: 2F
3-2: Base on Balls
Batting: RHB Maresuke Yoshida 0-0: Called Strike
Javier Rentería steals 2nd base
0-1: Swinging Strike
0-2: Strikes out swinging
Batting: SHB Carlos Reyes 0-0: Called Strike
0-1: Swinging Strike
0-2: Ball
1-2: Ball
2-2: Fly out, F9 (Flyball, 9LM)
Bottom of the 3rd over - 0 run(s), 0 hit(s), 0 error(s), 1 left on base; Penquannock 0 - Rio Grande 0
TOP OF THE 4TH
Penquannock Overrated Jeter batting - Pitching for Rio Grande Rattlesnake : RHP Alfonso Luna
Batting: RHB Juan Costello 0-0: Swinging Strike
0-1: Ball
1-1: Fly out, F5 (Popup, 5SF)
Batting: RHB Ignacio Flores 0-0: Ball
1-0: Foul Ball, location: 2F
1-1: Ball
2-1: Swinging Strike
2-2: Ball
3-2: Base on Balls
Batting: RHB Tim Hanson 0-0: SINGLE (Line Drive, 3)
Ignacio Flores to second
Batting: SHB Francisco Ávila 0-0: Ball
1-0: Fielders Choice at 2nd, 6-4 (Groundball, 6)
Ignacio Flores to third
Batting: LHB Todd Barnes 0-0: Ball
1-0: Reached on error, E3 (Groundball, 3L)
Ignacio Flores scores
Francisco Ávila to second
Batting: RHB Bernardo Enríquez 0-0: Called Strike
0-1: Foul Ball, location: 2F
0-2: Fielders Choice at 2nd, U6 (Groundball, 6M)
Top of the 4th over - 1 run(s), 1 hit(s), 1 error(s), 2 left on base; Penquannock 1 - Rio Grande 0
BOTTOM OF THE 4TH
Rio Grande Rattlesnake batting - Pitching for Penquannock Overrated Jeter : RHP Richard Edwards
Batting: RHB Liangde Que 0-0: Ball
1-0: Called Strike
1-1: Ball
2-1: Ball
3-1: Foul Ball, location: 2F
3-2: Foul Ball, location: 2F
3-2: Base on Balls
Batting: LHB Luis Villa 0-0: Ball
1-0: Ball
2-0: Called Strike
2-1: Foul Ball, location: 2F
2-2: Strikes out swinging
Batting: SHB Giancarlo Giannini 0-0: SINGLE (Line Drive, 6M)
Liangde Que to second
Batting: RHB Paul Martin 0-0: Fielders Choice at 2nd, 1-6 (Groundball, 13S)
Liangde Que to third
Batting: RHB Luis Ibarra 0-0: Ball
1-0: Foul Ball, location: 2F
1-1: Foul Ball, location: 2F
1-2: Ball
2-2: Strikes out swinging
Bottom of the 4th over - 0 run(s), 1 hit(s), 0 error(s), 2 left on base; Penquannock 1 - Rio Grande 0
TOP OF THE 5TH
Penquannock Overrated Jeter batting - Pitching for Rio Grande Rattlesnake : RHP Alfonso Luna
Batting: RHB Arturo Rodríguez 0-0: Called Strike
0-1: Called Strike
0-2: Foul Ball, location: 2F
0-2: Ball
1-2: Ball
2-2: Ball
3-2: Strikes out swinging
Batting: RHB Armando Pagán 0-0: Called Strike
0-1: SINGLE (Line Drive, 34)
Batting: LHB Bill McJannett 0-0: Called Strike
Armando Pagán steals 2nd base
0-1: 2-RUN HOME RUN (Line Drive, 9D), Distance : 354 ft
Batting: RHB Juan Costello 0-0: Called Strike
0-1: Ground out 2-3 (Groundball, 23)
Batting: RHB Ignacio Flores 0-0: Ball
1-0: Called Strike
1-1: Swinging Strike
1-2: Ball
2-2: Strikes out looking
Top of the 5th over - 2 run(s), 2 hit(s), 0 error(s), 0 left on base; Penquannock 3 - Rio Grande 0
BOTTOM OF THE 5TH
Rio Grande Rattlesnake batting - Pitching for Penquannock Overrated Jeter : RHP Richard Edwards
Batting: RHB Gary Thomas 0-0: Ball
1-0: Foul Ball, location: 2F
1-1: Swinging Strike
1-2: Ball
2-2: Foul Ball, location: 2F
2-2: Foul Ball, location: 2F
2-2: Ball
3-2: Foul Ball, location: 2F
3-2: Base on Balls
Pitching: RHP Santiago González
Batting: RHB Javier Rentería 0-0: Ball
1-0: DOUBLE (Line Drive, 7LD)
Gary Thomas to third
Batting: RHB Maresuke Yoshida 0-0: Ball
1-0: Ground out 5-3 (Groundball, 5)
Batting: SHB Carlos Reyes 0-0: Called Strike
0-1: Ball
1-1: Swinging Strike
1-2: Ball
2-2: Foul Ball, location: 2F
2-2: Strikes out swinging
Batting: RHB Liangde Que 0-0: Ball
Wild Pitch!
Gary Thomas scores
Javier Rentería to third
1-0: Ball
2-0: Called Strike
2-1: Ground out 5-3 (Groundball, 56S)
Bottom of the 5th over - 1 run(s), 1 hit(s), 0 error(s), 1 left on base; Penquannock 3 - Rio Grande 1
TOP OF THE 6TH
Penquannock Overrated Jeter batting - Pitching for Rio Grande Rattlesnake : RHP Alfonso Luna
Batting: RHB Tim Hanson 0-0: Ball
1-0: Swinging Strike
1-1: Fly out, F9 (Flyball, 9M)
Batting: SHB Francisco Ávila 0-0: Called Strike
0-1: Foul Ball, location: 2F
0-2: Ball
1-2: Ball
2-2: Strikes out swinging
Batting: LHB Todd Barnes 0-0: Ball
1-0: Called Strike
1-1: Ball
2-1: Fly out, F2 (Popup, 2LF)
Top of the 6th over - 0 run(s), 0 hit(s), 0 error(s), 0 left on base; Penquannock 3 - Rio Grande 1
BOTTOM OF THE 6TH
Rio Grande Rattlesnake batting - Pitching for Penquannock Overrated Jeter : RHP Santiago González
Batting: LHB Luis Villa 0-0: Called Strike
0-1: Ball
1-1: Foul Ball, location: 2F
1-2: Ball
2-2: Strikes out looking
Batting: SHB Giancarlo Giannini 0-0: Ground out 1-3 (Groundball, 13)
Batting: RHB Paul Martin 0-0: Called Strike
0-1: Foul Ball, location: 2F
0-2: Ball
1-2: Strikes out looking
Bottom of the 6th over - 0 run(s), 0 hit(s), 0 error(s), 0 left on base; Penquannock 3 - Rio Grande 1
TOP OF THE 7TH
Penquannock Overrated Jeter batting - Pitching for Rio Grande Rattlesnake : RHP Alfonso Luna
Pitching: RHP Adrián Mora
Batting: RHB Bernardo Enríquez 0-0: Called Strike
0-1: Ground out 6-3 (Groundball, 6)
Batting: RHB Arturo Rodríguez 0-0: Ball
1-0: Called Strike
1-1: Ball
2-1: Swinging Strike
2-2: Foul Ball, location: 2F
2-2: Ground out 5-3 (Groundball, 5S)
Batting: RHB Armando Pagán 0-0: Called Strike
0-1: Swinging Strike
0-2: Strikes out swinging
Top of the 7th over - 0 run(s), 0 hit(s), 0 error(s), 0 left on base; Penquannock 3 - Rio Grande 1
BOTTOM OF THE 7TH
Rio Grande Rattlesnake batting - Pitching for Penquannock Overrated Jeter : RHP Santiago González
Pitching: RHP Dave Nelson
Batting: RHB Luis Ibarra 0-0: Called Strike
0-1: Ball
1-1: Ball
2-1: Foul Ball, location: 2F
2-2: SINGLE (Line Drive, 89M)
Batting: RHB Gary Thomas 0-0: Called Strike
0-1: Ball
1-1: Fly out, F6 (Line Drive, 56)
Batting: RHB Javier Rentería 0-0: Ball
Luis Ibarra steals 2nd base
1-0: Ball
2-0: Called Strike
2-1: Ground out 5-3 (Groundball, 5)
Batting: RHB Maresuke Yoshida 0-0: Ball
1-0: Fly out, F4 (Line Drive, 4)
Bottom of the 7th over - 0 run(s), 1 hit(s), 0 error(s), 1 left on base; Penquannock 3 - Rio Grande 1
TOP OF THE 8TH
Penquannock Overrated Jeter batting - Pitching for Rio Grande Rattlesnake : RHP Adrián Mora
Batting: LHB Bill McJannett 0-0: Ground out 4-3 (Groundball, 4)
Batting: RHB Juan Costello 0-0: Called Strike
0-1: Ball
1-1: Ball
2-1: Called Strike
2-2: Ball
3-2: Ground out 5-3 (Groundball, 5)
Batting: RHB Ignacio Flores 0-0: Called Strike
0-1: Ball
1-1: Ground out 6-3 (Groundball, 6M)
Top of the 8th over - 0 run(s), 0 hit(s), 0 error(s), 0 left on base; Penquannock 3 - Rio Grande 1
BOTTOM OF THE 8TH
Rio Grande Rattlesnake batting - Pitching for Penquannock Overrated Jeter : RHP Dave Nelson
Batting: SHB Carlos Reyes 0-0: Ball
1-0: SINGLE (Groundball, 34)
Batting: RHB Liangde Que 0-0: Foul Ball, location: 2F
0-1: Foul Ball, location: 2F
0-2: Ball
1-2: Strikes out looking
Batting: LHB Luis Villa 0-0: Ball
1-0: Called Strike
1-1: SINGLE (Line Drive, 6M)
Carlos Reyes to second
Runner from 2nd tries for 3rd, SAFE, throw made to third
Luis Villa to second
Batting: SHB Giancarlo Giannini 0-0: Called Strike
0-1: Ground out 6-3 (Groundball, 6)
Carlos Reyes scores
Batting: RHB Paul Martin 0-0: Ball
1-0: SINGLE (Popup, 34D)
Luis Villa to third
Runner from 3rd tries for Home, SAFE, no throw or cutoff
Pinch Runner at 1st Chris Charles:
Batting: RHB Luis Ibarra Pickoff Throw to First - Out!
Bottom of the 8th over - 2 run(s), 3 hit(s), 0 error(s), 0 left on base; Penquannock 3 - Rio Grande 3
TOP OF THE 9TH
Penquannock Overrated Jeter batting - Pitching for Rio Grande Rattlesnake : RHP Adrián Mora
Pitching: RHP Bryce Davis
Now at 1B: Christian Hudson
Batting: RHB Tim Hanson 0-0: Ball
1-0: Ball
2-0: Called Strike
2-1: Swinging Strike
2-2: Ball
3-2: Base on Balls
Pinch Hitting: RHB Earl Conrad 0-0: Ball
1-0: Ball
2-0: Swinging Strike
2-1: Foul Ball, location: 2F
2-2: Strikes out swinging
Batting: LHB Todd Barnes 0-0: Ball
1-0: Called Strike
1-1: Called Strike
1-2: Strikes out swinging
Pinch Hitting: RHB Barton Frazier 0-0: Ball
1-0: Ball
2-0: Fly out, F8 (Flyball, 8RD)
Top of the 9th over - 0 run(s), 0 hit(s), 0 error(s), 1 left on base; Penquannock 3 - Rio Grande 3
BOTTOM OF THE 9TH
Rio Grande Rattlesnake batting - Pitching for Penquannock Overrated Jeter : RHP Dave Nelson
Pitching: RHP Toshikuni Nishimura
Now at C: Earl Conrad
Now at 1B: Barton Frazier
Pinch Hitting: RHB Billy Mullins 0-0: Ball
1-0: Called Strike
1-1: Ball
2-1: Foul Ball, location: 2F
2-2: Ball
3-2: Base on Balls
Pinch Hitting: SHB Ralph Robison 0-0: Ball
1-0: Swinging Strike
1-1: Called Strike
1-2: Strikes out swinging
Batting: RHB Javier Rentería 0-0: Called Strike
Billy Mullins is caught stealing 2nd base
0-1: Ball
1-1: Ball
2-1: Called Strike
2-2: Foul Ball, location: 2F
2-2: Foul Ball, location: 2F
2-2: Ball
3-2: Strikes out swinging
Bottom of the 9th over - 0 run(s), 0 hit(s), 0 error(s), 0 left on base; Penquannock 3 - Rio Grande 3
TOP OF THE 10TH
Penquannock Overrated Jeter batting - Pitching for Rio Grande Rattlesnake : RHP Bryce Davis
Now at 1B: Billy Mullins
Now at SS: Alfred Jackson
Pinch Hitting: RHB Vincent Fields 0-0: Called Strike
0-1: Foul Ball, location: 2F
0-2: Fly out, F9 (Flyball, 89S)
Batting: RHB Armando Pagán 0-0: Called Strike
0-1: Swinging Strike
0-2: Ball
1-2: Strikes out swinging
Batting: LHB Bill McJannett 0-0: Called Strike
0-1: Ball
1-1: Foul Ball, location: 2F
1-2: Ball
2-2: DOUBLE (Groundball, 5L)
Batting: RHB Juan Costello 0-0: Foul Ball, location: 2F
0-1: Ball
1-1: Ball
2-1: Ball
3-1: Called Strike
3-2: Foul Ball, location: 2F
3-2: Strikes out swinging
Top of the 10th over - 0 run(s), 1 hit(s), 0 error(s), 1 left on base; Penquannock 3 - Rio Grande 3
BOTTOM OF THE 10TH
Rio Grande Rattlesnake batting - Pitching for Penquannock Overrated Jeter : RHP Toshikuni Nishimura
Now at SS: Fernando Díaz
Batting: RHB Maresuke Yoshida 0-0: Called Strike
0-1: Called Strike
0-2: Foul Ball, location: 2F
0-2: Strikes out looking
Batting: SHB Carlos Reyes 0-0: Called Strike
0-1: Ball
1-1: Called Strike
1-2: Strikes out swinging
Batting: RHB Liangde Que 0-0: Called Strike
0-1: Called Strike
0-2: Foul Ball, location: 2F
0-2: Ball
1-2: Foul Ball, location: 2F
1-2: Strikes out looking
Bottom of the 10th over - 0 run(s), 0 hit(s), 0 error(s), 0 left on base; Penquannock 3 - Rio Grande 3
TOP OF THE 11TH
Penquannock Overrated Jeter batting - Pitching for Rio Grande Rattlesnake : RHP Bryce Davis
Pitching: RHP Myron Burgess
Batting: RHB Ignacio Flores 0-0: Ball
1-0: Ball
2-0: Foul Ball, location: 2F
2-1: Swinging Strike
2-2: Ground out 4-3 (Groundball, 4M)
Batting: RHB Tim Hanson 0-0: Called Strike
0-1: Ball
1-1: SINGLE (Groundball, 56) (infield hit)
Batting: RHB Earl Conrad 0-0: Ball
1-0: Ball
2-0: Called Strike
2-1: Ball
Tim Hanson is caught stealing 2nd base
3-1: Foul Ball, location: 2F
3-2: SINGLE (Groundball, 56)
Batting: LHB Todd Barnes 0-0: Called Strike
0-1: Ball
1-1: Ball
2-1: Ball
3-1: Called Strike
3-2: Strikes out looking
Top of the 11th over - 0 run(s), 2 hit(s), 0 error(s), 1 left on base; Penquannock 3 - Rio Grande 3
BOTTOM OF THE 11TH
Rio Grande Rattlesnake batting - Pitching for Penquannock Overrated Jeter : RHP Toshikuni Nishimura
Batting: LHB Luis Villa 0-0: Foul Ball, location: 2F
0-1: Foul Ball, location: 2F
0-2: Strikes out looking
Batting: SHB Giancarlo Giannini 0-0: Ball
1-0: Ball
2-0: Ball
3-0: Called Strike
3-1: Base on Balls
Pitching: LHP Héctor Díaz
Batting: RHB Christian Hudson 0-0: Foul Ball, location: 2F
0-1: Ball
1-1: SINGLE (Line Drive, 9S)
Giancarlo Giannini to second
Runner from 2nd tries for 3rd, SAFE, throw made to third
Batting: RHB Billy Mullins 0-0: SINGLE (Line Drive, 78M)
Giancarlo Giannini scores
This league is powered by Out of the Park Baseball, the baseball management simulation game for PC, Mac and Linux
Tuesday, August 2nd, 2016 - OOTP Baseball 16.8 Build 38